 Dungeon Crawl Stone Soup version 0.31-a0-978-g1e143483b6 (webtiles) character file.

Game seed: 16983682896111004742

126037 RepoMan the Brawler (level 17, -4/112 HPs)
             Began as a Kobold Cinder Acolyte on Oct 30, 2023.
             Was a Believer of Wu Jian.
             Killed from afar by a will-o-the-wisp (11 damage)
             ... with a foxfire
             ... on level 2 of the Swamp.
             The game lasted 04:05:22 (41594 turns).

RepoMan the Brawler (Kobold Cinder Acolyte)        Turns: 41594, Time: 04:05:23

Health: -4/112     AC: 19    Str: 15    XL:     17   Next: 52%
Magic:  18/18      EV: 18    Int: 18    God:    Wu Jian [**....]
Gold:   759        SH: 13    Dex: 15    Spells: 18/18 levels left

rFire   + .          .
                       - Unarmed
rCold   + . .        X - +2 kite shield
rNeg    . . .        o - +1 chain mail {Will+}
rPois   +            M - +1 hat {Stlth+}
rElec   +            m - +2 cloak
rCorr   +            (no gloves)
SInv    .            (no boots)
Will    ++...        C - amulet "Qilod" {RegenMP rPois Dex+3}
Stlth   +            Q - +4 ring of protection
HPRegen 0.38/turn    E - +5 ring of evasion
MPRegen 0.56/turn

%: no passive effects
@: mighty, resistant
A: small, no large weapons, nightstalker 3
a: Renounce Religion, Wall Jump


You were on level 2 of the Swamp.
You worshipped Wu Jian.
Wu Jian was pleased with you.
You visited 6 branches of the dungeon, and saw 26 of its levels.
You also visited: Sewer and Volcano.

You collected 3357 gold pieces.
You spent 2598 gold pieces at shops.

Inventory:

Hand Weapons
 a - the +7 spear of Turmoil {holy, Fly rPois}
   (You found it on level 5 of the Dungeon)

   rPois:     It protects you from poison Fly: It grants you flight.
Missiles
 y - 30 poisoned darts (quivered)
 L - 18 boomerangs
Armour
 m - a +2 cloak (worn)
 o - a +1 chain mail of willpower (worn)
 s - a scarf of invisibility
 H - a +2 robe of cold resistance
 M - a +1 hat of stealth (worn)
 S - the +2 ring mail of Xodoklyi {rC+ Will- Regen+ rCorr}
   (You found it on level 11 of the Dungeon)

   rC+:       It protects you from cold.
   Will-:     It decreases your willpower.
   Regen+:    It increases your rate of health regeneration.
   rCorr:     It protects you from acid and corrosion.
 T - +0 acid dragon scales
 X - a +2 kite shield (worn)
 Y - the +3 leather armour of Vodaewkyidd {rN+ Stlth+}
   (You bought it in a shop on level 2 of the Orcish Mines)

   rN+:       It protects you from negative energy.
   Stlth+:    It makes you more stealthy.
Jewellery
 x - a ring of willpower
 B - a ring of protection from fire
 C - the amulet "Qilod" (around neck) {RegenMP rPois Dex+3}
   (You found it on level 2 of the Lair of Beasts)

   [amulet of magic regeneration]

   RegenMP:   It increases your rate of magic regeneration.
   Dex+3:     It affects your dexterity (+3).
   rPois:     It protects you from poison
 E - a +5 ring of evasion (right hand)
 O - a ring of protection from cold
 Q - a +4 ring of protection (left hand)
 R - the ring of Saploxzu {rPois Will+ Str-5 Dex+3}
   (You bought it in a shop on level 2 of the Orcish Mines)

   [ring of willpower]

   Str-5:     It affects your strength (-5).
   Dex+3:     It affects your dexterity (+3).
   rPois:     It protects you from poison Will+: It increases your willpower.
 W - the brooch of Shielding {Spirit SH+8}
   (You bought it in a shop on level 12 of the Dungeon)

   [amulet of guardian spirit]

   Spirit:    It causes incoming damage to be divided between your reserves of
   health and magic.
   SH+8:      It affects your SH (+8).
Talismans
 k - a blade talisman
Wands
 e - a wand of mindburst (10)
 g - a wand of paralysis (1)
 F - a wand of flame (1)
 V - a wand of digging (12)
Scrolls
 j - 5 scrolls of amnesia
 r - 2 scrolls of revelation
 z - 3 scrolls of immolation
 A - 3 scrolls of fog
 G - 2 scrolls of noise
 I - a scroll of enchant weapon
 N - 2 scrolls of poison {unknown}
 P - a scroll of silence {unknown}
Potions
 b - a potion of enlightenment
 d - 2 potions of curing
 f - 4 potions of mutation
 h - 2 potions of cancellation
 l - 5 potions of brilliance
 n - 3 potions of attraction
 p - a potion of might
 t - 5 potions of ambrosia
 D - a potion of magic
Miscellaneous
 c - a sack of spiders (inert)
 w - a lightning rod (inert)


   Skills:
 + Level 14.9 Fighting
 - Level 5.5 Armour
 + Level 13.0 Dodging
 + Level 9.9 Shields
 * Level 19.1 Unarmed Combat
 - Level 1.1 Spellcasting
 - Level 3.0 Fire Magic
 - Level 11.1 Evocations


You had 18 spell levels left.
You didn't know any spells.
Your spell library contained the following spells:

 Spells                   Type           Power      Damage    Failure   Level
 Scorch                   Fire           22%        2d5       93%         2
 Freeze                   Ice            0%         1d3       99%         1
 Kiss of Death            Conj/Necr      0%         2d5       99%         1
 Shock                    Conj/Air       0%         1d3       99%         1
 Ensorcelled Hibernation  Hex/Ice        0%         N/A       100%        2
 Jinxbite                 Hex            0%         N/A       100%        2
 Poisonous Vapours        Pois/Air       0%         N/A       100%        2
 Confusing Touch          Hex            0%         N/A       100%        3
 Frozen Ramparts          Ice            0%         1d1       100%        3
 Hailstorm                Conj/Ice       0%         3d3       100%        3
 Mephitic Cloud           Conj/Pois/Air  0%         N/A       100%        3
 Swiftness                Air            0%         N/A       100%        3
 Tukima's Dance           Hex            0%         N/A       100%        3
 Volatile Blastmotes      Fire/Tloc      12%        2d11      100%        3
 Airstrike                Air            0%         2d(0-16)  100%        4
 Anguish                  Hex/Necr       0%         N/A       100%        4
 Dispel Undead            Necr           0%         3d6       100%        4
 Fulminant Prism          Conj/Hex       0%         3d5       100%        4
 Iskenderun's Mystic Bla  Conj/Tloc      0%         2d3       100%        4
 Passage of Golubria      Tloc           0%         N/A       100%        4
 Freezing Cloud           Conj/Ice/Air   0%         6-21      100%        5
 Iskenderun's Battlesphe  Conj           0%         2d6       100%        5
 Summon Mana Viper        Hex/Summ       0%         N/A       100%        5
 Yara's Violent Unravell  Hex/Tmut       0%         3d3       100%        5
 Bombard                  Conj/Erth      0%         9d1       100%        6
 Simulacrum               Ice/Necr       0%         N/A       100%        6
 Ozocubu's Refrigeration  Ice            0%         4d7       100%        7
 Spellforged Servitor     Conj/Summ      0%         N/A       100%        7
 Polar Vortex             Ice            0%         N/A       100%        9


Dungeon Overview and Level Annotations

Branches:
Dungeon (15/15)            Temple (1/1) D:7            Lair (5/5) D:9
  Swamp (2/4) Lair:3       Spider (1/4) Lair:3        Slime (0/5) Lair:4
    Orc (2/2) D:11            Elf (0/3) Orc:2        Vaults (0/5) D:13
  Sewer (visited)         Volcano (visited)
 Depths: D:15

Altars:
Ashenzari
Cheibriados
Dithmenos
Elyvilon
Fedhas
Gozag
Hepliaklqana
Kikubaaqudgha
Makhleb
Nemelex Xobeh
Okawaru
Qazlal
Ru
Sif Muna
Trog
Uskayaw
Vehumet
Wu Jian
Xom
Yredelemnul
Zin
The Shining One

Shops:
D:9 [   D:12 =   Orc:2 !![=

Portals:
Pandemonium: Orc:2

Annotations:
D:14 2 runed translucent doors


Innate Abilities, Weirdness & Mutations

You are small and have problems with some larger weapons.
You are completely attuned to the shadows.


Message History

You see here a swamp worm corpse.
Okay, then.
Unknown command.
You feel protected.
The swamp dragon breathes poison at you.
The blast of poison engulfs you. You resist.
Unknown command.
You barely miss the swamp dragon.
The swamp dragon is severely wounded.
The will-o-the-wisp gestures.
The will-o-the-wisp conjures some marshlight!
The swamp dragon misses you.
You block the swamp dragon's attack. x2 2 foxfires come into view.
Okay, then.
You feel very mighty all of a sudden. The foxfire hits you! You resist.
* * * LOW HITPOINT WARNING * * *
The foxfire hits you! You resist.
* * * LOW HITPOINT WARNING * * *
The will-o-the-wisp gestures.
The will-o-the-wisp conjures some marshlight!
You block the swamp dragon's attack. x2; The swamp dragon misses you. 2 foxfires come into view.
Aiming: Mindburst
Press: ? - help, Shift-Dir - straight line, f - will-o-the-wisp
Aim: a will-o-the-wisp (poison gas, infinite will)
Okay, then.
Unknown command.
Found a scroll of noise.
The foxfire hits you! You resist.
* * * LOW HITPOINT WARNING * * *
The will-o-the-wisp gestures.
The will-o-the-wisp conjures some marshlight!
The foxfire hits you. You resist.
* * * LOW HITPOINT WARNING * * *
2 foxfires come into view.
Okay, then.
Okay, then.
Unknown command.
The foxfire hits you! You resist.
You die...

♣♣♣♣♣ ***** .[..♣♣♣♣ *******
**~,~** §~~~...♣♣ *,,,~,***
***,~~,~* ~~~§~§.~♣♣♣♣...~~.~♣
*,,,~~~~*
<~~~.~...>♣..~~~~.~♣♣*~,,,,,**
..~.~§..~....~~~~~..♣**,,,,~~**
†.~~~~~.~..♣.~~~~~~?.,,,~~,,,,**
~~~~~~~~~..♣....@~~..,,>~~~,,,,*
~~~~~~~§~~~.○°☼v♣....~~,,~,,~****
~§~~~~~~~~~~.°Dv♣♣~..~~~~~,,,,,~*
♣...~~~~~~~~~○§♣♣*♣.~~~~~~<~~~~~*
****.~~~~~~~~v§♣ *♣.~~~~~~,~~,,*
****~,.~~~~.~.~♣ *,~~~~,,,,,,,*
,~**,,,~~~~.♣♣♣♣ **,~~,,**~,~~~
~~~*,~~~~~~§~♣** *~~~,***~,~~,
~~*~,~~~~..}~~~♣** *~~~~***,,,,,


You could see a swamp dragon (catching breath) and a will-o-the-wisp.

Vanquished Creatures
  Kirke (D:11)
  An orc warlord (Orc:2)
  An eleionoma (Swamp:1)
  A dire elephant (Lair:5)
  A bunyip (Lair:3)
  A shambling mangrove (Lair:1)
  11 hydras
  3 demonspawn (Orc:2)
  10 two-headed ogres
  7 boulder beetles
  2 ogre magi
  An alligator (Lair:3)
  A catoblepas (Lair:1)
  4 centaur warriors (D:13)
  5 orc high priests
  A death knight (D:13)
  3 death yaks (Lair:5)
  4 tengu warriors
  Nergalle (D:10)
  2 skysharks
  A sun demon (Orc:2)
  A fire crab (D:13)
  A skeletal warrior (Volcano)
  2 spriggan druids
  2 goliath frogs
  A swamp dragon (Swamp:1)
  2 bog bodies
  Pikel (D:5)
  An orange crystal statue (D:14)
  4 lindwurms
  An arcanist (D:15)
  4 deep elf pyromancers
  9 orc sorcerers (Orc:2)
  4 manticores
  2 anaconda skeletons (Volcano)
  24 ugly things
  8 orc knights
  An oklob plant (Lair:1)
  4 cyclopes
  A salamander (D:10)
  Maurice (D:13)
  3 centaur zombies
  2 will-o-the-wisps (Lair:3)
  12 elephants
  An orange demon (Orc:2)
  2 alligator skeletons (Volcano)
  8 black mambas
  5 gargoyles
  10 cane toads
  A kobold demonologist (D:12)
  8 rime drakes
  A freezing wraith (D:10)
  11 komodo dragons
  3 unseen horrors
  6 trolls
  A queen bee (Lair:1)
  6 tyrant leeches
  A tarantella (Lair:3)
  5 hornets
  A polar bear (Lair:3)
  23 blink frogs
  A wind drake (Lair:2)
  A harpy skeleton (Volcano)
  3 dream sheep
  A slime creature (D:13)
  A centaur simulacrum (D:13)
  A culicivora (Lair:3)
  2 flying skulls (Volcano)
  3 spriggans
  7 wyverns
  14 fire elementals (D:15)
  2 basilisks (Lair:5)
  2 wraiths
  38 yaks
  Grum (D:10)
  A vampire (D:13)
  A golden eye (shapeshifter) (D:13)
  5 redbacks (Lair:3)
  3 steam dragons (D:10)
  2 chaos spawn (Orc:2)
  4 hogs
  14 vampire mosquitoes
  2 acid dragons
  8 swamp worms
  5 wargs
  Duvessa (D:6)
  18 water moccasins
  38 orc warriors
  An ice beast (shapeshifter) (D:13)
  6 black bears
  An ice beast (D:5)
  A sky beast (D:7)
  21 wolves
  9 centaurs
  An elephant zombie (D:9)
  4 ogres
  4 phantoms
  4 kobold brigands
  3 lemures (D:5)
  14 bullfrogs
  A gnoll sergeant (D:10)
  5 scorpions
  5 wights (D:9)
  Dowan (D:6)
  24 killer bees
  A spriggan skeleton (Volcano)
  3 troll skeletons (Volcano)
  6 howler monkeys
  A jelly (D:7)
  A gnoll bouda (D:9)
  3 hounds
  30 orc priests
  Crazy Yiuf (D:7)
  6 sleepcaps
  3 scorpion zombies
  3 iguanas
  24 orc wizards
  2 killer bee zombies (D:9)
  2 naga skeletons (Volcano)
  3 hound zombies (D:9)
  2 howler monkey zombies (D:9)
  13 adders
  14 gnolls
  4 howler monkey skeletons (D:6)
  2 river rats (D:6)
  3 white imps
  3 adder zombies (D:9)
  A worm (D:5)
  A dart slug (D:1)
  78 orcs
  6 ball pythons
  6 endoplasms
  11 giant cockroaches
  4 goblins
  8 hobgoblins
  7 jackals
  20 kobolds
  9 quokkas
  6 bats
  10 frilled lizards
  8 rats
835 creatures vanquished.

Vanquished Creatures (collateral kills)
  A demonic crawler (Lair:3)
  A culicivora (Lair:3)
2 creatures vanquished.

Vanquished Creatures (others)
  A bloated husk (Swamp:1)
  2 flying skulls (D:9)
  2 humans (D:12)
  16 foxfires
21 creatures vanquished.

Grand Total: 858 creatures vanquished

Notes
Turn   | Place    | Note
-------+----------+-------------------------------------------
     0 | D:1      | RepoMan the Kobold Cinder Acolyte began the quest for the
                  | Orb.
     0 | D:1      | Reached XP level 1. HP: 14/14 MP: 2/2
   256 | D:1      | Reached XP level 2. HP: 19/19 MP: 3/3
   521 | D:1      | Reached skill level 1 in Dodging
   737 | D:1      | Reached XP level 3. HP: 16/23 MP: 4/4
  1302 | D:2      | Reached XP level 4. HP: 25/29 MP: 5/5
  1558 | D:2      | Reached skill level 4 in Unarmed Combat
  2478 | D:3      | Reached XP level 5. HP: 33/33 MP: 6/6
  2653 | D:3      | Identified the amulet of Sefax {Faith Str+3}
  3136 | D:3      | Reached skill level 1 in Evocations
  3371 | D:4      | Noticed an ogre
  3396 | D:4      | Killed an ogre
  3397 | D:4      | Reached skill level 5 in Unarmed Combat
  3397 | D:4      | Reached XP level 6. HP: 39/39 MP: 7/7
  3642 | D:4      | Reached XP level 7. HP: 40/44 MP: 8/8
  4228 | D:4      | Reached skill level 5 in Fighting
  4639 | D:5      | Entered Level 5 of the Dungeon
  4714 | D:5      | Reached skill level 6 in Unarmed Combat
  4975 | D:5      | Reached XP level 8. HP: 49/49 MP: 9/9
  5301 | D:5      | Reached skill level 5 in Dodging
  5375 | D:5      | Reached skill level 7 in Unarmed Combat
  5543 | D:5      | Noticed Pikel
  5558 | D:5      | Killed Pikel
  5559 | D:5      | Reached skill level 5 in Evocations
  5559 | D:5      | Reached XP level 9. HP: 20/56 MP: 10/10
  5831 | D:5      | Identified the +7 spear of Turmoil {holy, Fly rPois}
  6036 | D:6      | Reached skill level 8 in Unarmed Combat
  6212 | D:6      | Found a glowing drain.
  6228 | Sewer    | Entered a sewer
  7287 | D:6      | Noticed Duvessa
  7288 | D:6      | Noticed Dowan
  7291 | D:6      | Killed Dowan
  7292 | D:6      | Killed Duvessa
  7744 | D:7      | Reached skill level 9 in Unarmed Combat
  7744 | D:7      | Reached XP level 10. HP: 41/63 MP: 11/11
  8292 | D:7      | Found a shadowy altar of Dithmenos.
  8296 | D:7      | Found an iron altar of Okawaru.
  8301 | D:7      | Found a glowing silver altar of Zin.
  8415 | D:7      | Found a staircase to the Ecumenical Temple.
  8429 | Temple   | Entered the Ecumenical Temple
  8451 | D:7      | Found a runed translucent door.
  8454 | D:7      | Noticed Crazy Yiuf
  8459 | D:7      | Killed Crazy Yiuf
  8944 | D:8      | Identified the +10 short sword of the Furious {flame,
                  | Int+3}
  9527 | D:8      | Reached skill level 10 in Unarmed Combat
  9873 | D:9      | Found a staircase to the Lair.
  9907 | D:9      | Noticed an elephant
 10332 | D:9      | Found Menicuul's Armour Shoppe.
 10919 | D:9      | Found a basalt altar of Yredelemnul.
 11045 | D:10     | Entered Level 10 of the Dungeon
 11073 | D:10     | Reached XP level 11. HP: 33/69 MP: 12/12
 11263 | D:10     | Found a basalt altar of Yredelemnul.
 11431 | D:10     | Noticed a two-headed ogre
 11439 | D:10     | a two-headed ogre changed into a salamander
 11439 | D:10     | Noticed a salamander
 11459 | D:10     | Killed a salamander
 11460 | D:10     | Reached skill level 11 in Unarmed Combat
 11641 | D:10     | Noticed a boulder beetle
 11665 | D:10     | Noticed a boulder beetle
 11681 | D:10     | Killed a boulder beetle
 12320 | D:10     | Noticed a two-headed ogre
 12327 | D:10     | Killed a two-headed ogre
 12474 | D:10     | Identified the +10 morningstar of Change {drain, rF+ Str+5}
 12474 | D:10     | Noticed an orc knight
 12475 | D:10     | an orc knight changed into a dream sheep
 12667 | D:10     | Noticed a boulder beetle
 12685 | D:10     | Killed a boulder beetle
 12769 | D:10     | Reached skill level 12 in Unarmed Combat
 12909 | D:10     | Noticed a cyclops
 12925 | D:10     | Killed a cyclops
 12926 | D:10     | Reached XP level 12. HP: 73/77 MP: 13/13
 12931 | D:10     | Noticed a two-headed ogre
 12938 | D:10     | Killed a two-headed ogre
 12939 | D:10     | Reached skill level 10 in Dodging
 12947 | D:10     | Noticed Nergalle
 13180 | D:10     | Noticed a tengu warrior
 13215 | Lair:1   | Entered Level 1 of the Lair of Beasts
 13427 | Lair:1   | Reached skill level 10 in Fighting
 13723 | Lair:1   | an oklob plant changed into a shambling mangrove
 13723 | Lair:1   | Noticed a shambling mangrove
 14677 | D:11     | Identified the +2 ring mail of Xodoklyi {rC+ Will- Regen+
                  | rCorr}
 14945 | D:11     | Noticed a boulder beetle
 14959 | D:11     | Killed a boulder beetle
 14960 | D:11     | Reached skill level 13 in Unarmed Combat
 15405 | D:11     | Noticed Grum
 15482 | D:10     | Killed Grum
 15656 | D:11     | Found a staircase to the Orcish Mines.
 15754 | D:11     | Found a white marble altar of Elyvilon.
 16307 | Lair:2   | Identified the "Tujul"
 16307 | Orc:1    | Entered Level 1 of the Orcish Mines
 17165 | D:12     | Noticed Kirke
 17218 | D:11     | Killed Kirke
 17219 | D:11     | Reached XP level 13. HP: 63/84 MP: 14/14
 17688 | D:12     | Found Abiuwica's Jewellery Shoppe.
 17703 | D:12     | Bought the brooch of Shielding {Spirit SH+8} for 845 gold
                  | pieces
 17703 | D:12     | Found the brooch of Shielding {Spirit SH+8}
 18021 | Orc:1    | Reached skill level 1 in Shields
 18196 | D:11     | Reached skill level 14 in Unarmed Combat
 18818 | Orc:1    | Reached skill level 1 in Armour
 18885 | Orc:1    | Noticed an ogre mage
 18894 | Orc:1    | Killed an ogre mage
 19157 | Lair:1   | Killed a shambling mangrove
 19996 | Lair:1   | Noticed a catoblepas
 20016 | Lair:1   | Killed a catoblepas
 20017 | Lair:1   | Reached skill level 5 in Shields
 21463 | Lair:2   | Reached XP level 14. HP: 90/90 MP: 15/15
 21602 | Lair:2   | Identified the amulet "Qilod" {RegenMP rPois Dex+3}
 22784 | Lair:3   | Reached skill level 15 in Unarmed Combat
 22866 | Lair:3   | Found a dark tunnel.
 22897 | Volcano  | Entered a volcano
 23736 | Lair:3   | Found a staircase to the Swamp.
 24048 | Lair:3   | Noticed Snorg
 24063 | Lair:3   | Snorg changed into Snorg the killer bee
 24063 | Lair:3   | Noticed Snorg
 24068 | Lair:3   | Killed Snorg the killer bee
 24176 | Lair:3   | Found a hole to the Spider Nest.
 25088 | Lair:4   | Reached skill level 5 in Armour
 25134 | Lair:4   | Reached skill level 10 in Evocations
 25787 | Lair:4   | Found a staircase to the Slime Pits.
 25889 | Lair:5   | Entered Level 5 of the Lair of Beasts
 26141 | Lair:5   | Noticed a dire elephant
 26404 | D:11     | Reached XP level 15. HP: 81/96 MP: 12/16
 26522 | Orc:1    | Reached skill level 16 in Unarmed Combat
 26800 | Orc:2    | Entered Level 2 of the Orcish Mines
 26800 | Orc:2    | Noticed an orc warlord
 27570 | D:12     | Identified the +4 dagger of Terra Cotta {holy, Dex+4}
 27854 | D:13     | Found a gate to the Vaults.
 28316 | D:13     | Paralysed by an ogre mage for 3 turns
 28547 | D:13     | Identified the +9 battleaxe of Dissent {drain, *Slow rC+
                  | rCorr}
 29354 | D:13     | Found an iron altar of Okawaru.
 29678 | D:13     | Noticed Maurice
 29900 | D:13     | Paralysed by Maurice for 5 turns
 29913 | D:13     | Killed Maurice
 30420 | D:14     | Found a runed translucent door.
 30436 | D:14     | Found a runed translucent door.
 30452 | D:14     | Found a runed translucent door.
 30474 | D:14     | Reached skill level 17 in Unarmed Combat
 30681 | D:14     | Found a runed translucent door.
 31647 | Orc:2    | Killed an orc warlord
 31914 | Orc:2    | Reached XP level 16. HP: 104/104 MP: 17/17
 32293 | Orc:2    | Found Ymas Leiq's Distillery.
 32296 | Orc:2    | Found Ruov's Distillery.
 32304 | Orc:2    | Bought a potion of curing for 42 gold pieces
 32304 | Orc:2    | Bought a potion of curing for 42 gold pieces
 32304 | Orc:2    | Bought a potion of curing for 42 gold pieces
 32304 | Orc:2    | Bought a potion of heal wounds for 70 gold pieces
 32304 | Orc:2    | Bought a potion of curing for 42 gold pieces
 32308 | Orc:2    | Bought a potion of curing for 48 gold pieces
 32308 | Orc:2    | Bought a potion of curing for 48 gold pieces
 32308 | Orc:2    | Bought a potion of curing for 48 gold pieces
 32308 | Orc:2    | Bought a potion of curing for 48 gold pieces
 32308 | Orc:2    | Bought 2 potions of heal wounds for 160 gold pieces
 32308 | Orc:2    | Bought 2 potions of heal wounds for 160 gold pieces
 32645 | Orc:2    | Found a staircase to the Elven Halls.
 32879 | Orc:2    | Paralysed by an orc sorcerer for 4 turns
 33128 | Orc:2    | Found Emeu's Antique Armour Boutique.
 33128 | Orc:2    | Found Vacoxi's Jewellery Shop.
 33312 | Orc:2    | Found a one-way gate leading to the halls of Pandemonium.
 33336 | Orc:2    | Bought a bloodstained leather armour for 259 gold pieces
 33336 | Orc:2    | Identified the +3 leather armour of Vodaewkyidd {rN+
                  | Stlth+} (You bought it in a shop on level 2 of the Orcish
                  | Mines)
 33360 | Orc:2    | Bought the ring of Saploxzu {rPois Will+ Str-5 Dex+3} for
                  | 448 gold pieces
 33976 | Lair:5   | Reached skill level 18 in Unarmed Combat
 36237 | Temple   | Fell from the grace of Ignis
 36237 | Temple   | Became a worshipper of the Wu Jian Council
 36741 | Orc:2    | Bought a runed scarf for 296 gold pieces
 36958 | D:10     | Killed Nergalle
 36977 | D:10     | You fall into a shaft and drop 3 floors!
 36999 | D:15     | Entered Level 15 of the Dungeon
 37175 | D:15     | Reached XP level 17. HP: 104/112 MP: 16/18
 37179 | D:15     | Reached * piety under Wu Jian
 37337 | D:15     | Found a radiant altar of Vehumet.
 37684 | D:15     | Noticed Nessos
 37685 | D:15     | Nessos changed into Nessos the black mamba
 37685 | D:15     | Noticed Nessos
 37692 | D:15     | Killed Nessos the black mamba
 37725 | D:15     | Was forgiven by Ignis
 38498 | Spider:1 | Entered Level 1 of the Spider Nest
 38713 | Swamp:1  | Entered Level 1 of the Swamp
 39942 | Lair:3   | Reached skill level 19 in Unarmed Combat
 41462 | Swamp:2  | Reached ** piety under Wu Jian
 41594 | Swamp:2  | Killed from afar by a will-o-the-wisp

Illustrated notes

Levels and vault maps discovered:
D:1:      ldierk_walled_garden, layout_loops_ring
D:2:      kennysheep_big_flooded_room, layout_loops_corners
D:3:      layout_loops_ring
D:4:      layout_basic
D:5:      layout_loops_ring, uniq_pikel
D:6:      layout_loops_ring, gup_sewer_entry_bubbles,
          mainiacjoe_ossuary_entry_find_the_door, uniq_duvessa
D:7:      layout_loops_ring, minitemple, minmay_temple_entry_proselytizer,
          uniq_crazy_yiuf_cottage
D:8:      layout_gridville
D:9:      layout_long_grid, david_lair_generic, serial_shops, shop,
          roadster_capsule_ark_zombie
D:10:     layout_irregular_city, lemuel_zombie_altar_yredelemnul,
          minmay_the_grid_2x2 [minmay_the_grid_square_x, minmay_the_grid_garden,
          minmay_the_grid_gridbox, minmay_the_grid_prize_four_corners],
          uniq_nergalle
D:11:     layout_basic, david_orc_4, elyvilon_altar_3, uniq_grum
D:12:     layout_irregular_city, serial_shops, nicolae_shop_gaudy_bauble,
          uniq_kirke
D:13:     cheibrodos_fzero, layout_basic, david_vaults_2,
          hellmonk_okawaru_the_only_friend_you_need, uniq_maurice
D:14:     layout_cave_pools, kennysheep_path_1, minmay_statue_crystal_thing
D:15:     grunt_enter_depths_hoard, layout_basic, gammafunk_ghost_stat_death,
          fiery_altar_vehumet, uniq_nessos
Temple:   compressed_dpeg_circular_temple
Lair:1:   minmay_lair_oklob_chamber, layout_cellular_growth, special_room
          [special_room_bee], serial_bayou_crossing
Lair:2:   layout_hall_layers, grunt_megastairs_2, infiniplex_staircase_pool_2
Lair:3:   layout_roguey, minmay_swamp_entry_worms, spider_nest_entry_web_field,
          nicolae_volcano_entry_vermiform, uniq_snorg
Lair:4:   layout_concentric_octagons, dpeg_slime_entry_enclosed
Lair:5:   hangedman_lair_in_review, layout_hall_layers, serial_bayou_shore_a
Swamp:1:  layout_basic_swamp, evilmike_swamp_ruin_rubble_2,
          hangedman_swamp_diagram, swamp_pool1, infiniplex_staircase_pool
Swamp:2:  layout_basic_swamp, portal_ice_cave_entry_pillars_2,
          evilmike_swamp_ruin_house_1, swamp_pool3
Spider:1: layout_spider_delve, nicolae_spider_baby_got_redback,
          hangedman_spider_tarantella_strand, uniq_aizul
Orc:1:    layout_diamond_mine, special_room [special_room_orc]
Orc:2:    pf_orc_diabolical, layout_caves, basic_altar

Skill      XL: |  1  2  3  4  5  6  7  8  9 10 11 12 13 14 15 16 17 |
---------------+----------------------------------------------------+-----
Dodging        | 1 2 3 4 5 6 8 9 11 12 13 | 13.0
Unarmed Combat | 4 5 6 7 9 10 12 13 14 15 17 18 19 | 19.1
Fighting       | 4 5 6 7 8 9 11 12 13 14 | 14.9
Evocations     | 1 2 3 5 6 7 9 10 11 | 11.1
Shields        | 5 7 8 9 |  9.9
Armour         | 3 5 |  5.5
Spellcasting   | |  1.1
Fire Magic     | |  3.0

Action                     |  1- 3 |  4- 6 |  7- 9 | 10-12 | 13-15 | 16-18 || total
---------------------------+-------+-------+-------+-------+-------+-------++-------
  Melee: Unarmed           |   116 |   168 |   408 |   744 |  1541 |  1190 ||  4167
         Punch             |     1 |     6 |    11 |    79 |     2 |       ||    99
         Spear             |       |       |     1 |       |       |       ||     1
  Throw: Stone             |     2 |     9 |    21 |     7 |       |       ||    39
         Dart              |       |       |     6 |    26 |    28 |    44 ||   104
         Boomerang         |       |       |       |    22 |       |     1 ||    23
 Invoke: Fiery Armour      |       |     1 |       |     9 |     2 |       ||    12
         Rising Flame      |       |       |       |       |     1 |       ||     1
Ability: Lunge             |       |       |       |       |       |    12 ||    12
         Whirlwind         |       |       |       |       |       |    54 ||    54
  Evoke: Wand              |       |     5 |    18 |    50 |    38 |    26 ||   137
         Lightning rod     |       |       |       |       |    13 |     6 ||    19
         Sack of spiders   |       |       |       |       |     1 |     1 ||     2
    Use: Scroll            |       |     5 |       |    13 |    14 |    10 ||    42
         Potion            |       |       |       |    11 |    25 |    21 ||    57
   Stab: Sleeping          |     7 |    10 |     9 |     7 |     1 |     4 ||    38
         Paralysed         |       |    22 |    12 |    30 |     3 |     2 ||    69
         Distracted        |       |       |       |     2 |       |     1 ||     3
         Petrified         |       |       |       |       |     3 |       ||     3
         Invisible         |       |       |       |       |       |    10 ||    10
 Armour: Robe              |    37 |    43 |   120 |   264 |    11 |       ||   475
         Chain mail        |       |       |       |    20 |   603 |   359 ||   982
         Skin              |       |       |       |       |   102 |       ||   102
         Acid dragon scale |       |       |       |       |     3 |       ||     3
         Leather armour    |       |       |       |       |    18 |   150 ||   168
  Dodge: Dodged            |    82 |    74 |   192 |   417 |   520 |   498 ||  1783
  Block: Other             |       |    14 |    71 |   128 |     8 |       ||   221
         Reflection        |       |       |     3 |     2 |       |       ||     5
         Kite shield       |       |       |       |       |  1433 |   968 ||  2401

Table legend: (Time is in decaauts)
 A = Elapsed time spent in this place.
 B = Non-inter-level travel time spent in this place.
 C = Inter-level travel time spent in this place.
 D = Time resting spent in this place.
 E = Time spent auto-exploring this place.
 F = Levels seen in this place.
 G = Mean time per level.
                   A        B        C        D        E       F      G
               +--------+--------+--------+--------+--------+-----+--------+
         Total |  41178 |  38279 |   2899 |  12073 |  13801 |  28 | 1470.6 |
       Dungeon |  24145 |  22382 |   1763 |   6492 |   9666 |  15 | 1609.7 |
        Temple |     21 |     12 |      9 |      0 |      0 |   1 |   21.0 |
          Lair |  11603 |  10753 |    850 |   4113 |   3246 |   5 | 2320.6 |
         Swamp |   1293 |   1269 |     24 |    329 |    688 |   2 |  646.5 |
   Spider Nest |     30 |     30 |      0 |      0 |      0 |   1 |   30.0 |
  Orcish Mines |   2924 |   2674 |    250 |    787 |    200 |   2 | 1462.0 |
         Sewer |    427 |    427 |      0 |     48 |      0 |   1 |  427.0 |
       Volcano |    732 |    732 |      0 |    302 |      0 |   1 |  732.0 |
               +--------+--------+--------+--------+--------+-----+--------+

Top non-repeatable levels by time:
  Lair:3: 3487 daAuts
    D:11: 3228 daAuts
    D:10: 3096 daAuts
  Lair:5: 2459 daAuts
  Lair:1: 2256 daAuts
    D:12: 2159 daAuts
  Lair:2: 1967 daAuts
    D:13: 1859 daAuts
   Orc:2: 1857 daAuts
     D:9: 1690 daAuts
    D:14: 1630 daAuts
     D:4: 1448 daAuts
  Lair:4: 1432 daAuts
     D:2: 1390 daAuts
     D:5: 1335 daAuts
